 Dungeon Crawl Stone Soup version 0.31-a0-182-gc5ef74bbde (webtiles) character file.

Game seed: 16029091141391591326

197 Hajna the Chopper (level 5, -5/48 HPs)
             Began as a Hill Orc Monk on June 21, 2023.
             Slain by an ogre
             ... wielding a +0 giant spiked club
              (33 damage)
             ... on level 4 of the Dungeon.
             The game lasted 00:06:45 (3542 turns).

Hajna the Chopper (Hill Orc Monk)                   Turns: 3542, Time: 00:06:45

Health: -5/48      AC:  3    Str: 16    XL:     5   Next: 75%
Magic:  2/15       EV: 13    Int: 10    God:
Gold:   145        SH:  0    Dex: 13    Spells: 3/5 levels left

rFire   . . .        a - +0 hand axe
rCold   . . .        d - orb {light}
rNeg    . . .        b - +0 robe
rPois   .            (no helmet)
rElec   .            p - +0 cloak
rCorr   .            (no gloves)
SInv    .            (no boots)
Will    .....        g - amulet of faith
Stlth   +            m - ring of magical power
HPRegen 0.28/turn    (no ring)
MPRegen 0.14/turn

%: faith
@: very slightly contaminated, glowing
A: no striking features
a: no special abilities


You were on level 4 of the Dungeon.
You visited 1 branch of the dungeon, and saw 4 of its levels.

You collected 145 gold pieces.

Inventory:

Hand Weapons
 a - a +0 hand axe (weapon)
Missiles
 l - 7 poisoned darts
Armour
 b - a +0 robe (worn)
 d - an orb of light (worn)
 p - a +0 cloak (worn)
Jewellery
 g - an amulet of faith (around neck)
 m - a ring of magical power (left hand)
Scrolls
 j - a scroll of vulnerability
 n - 3 scrolls of identify {unknown}
 o - a scroll of poison {unknown}
Potions
 c - a potion of ambrosia
 e - 2 potions of heal wounds
 f - 2 potions of curing
 h - a potion of haste {unknown}
 i - a potion of lignification {unknown}
 k - a potion of degeneration {unknown}


   Skills:
 + Level 5.0 Fighting
 + Level 5.8 Axes
 + Level 3.1 Dodging
 + Level 0.3 Stealth
 + Level 0.9 Spellcasting
 + Level 1.2 Fire Magic


You had 3 spell levels left.
You knew the following spells:

 Your Spells              Type           Power      Damage    Failure   Level
a - Scorch                Fire           4%         2d5       32%         2

Your spell library contained the following spells:

 Spells                   Type           Power      Damage    Failure   Level
 Inner Flame              Hex/Fire       1%         N/A       63%         3
 Flame Wave               Conj/Fire      1%         2d4       95%         4
 Sticky Flame             Conj/Fire      1%         2d3       95%         4
 Summon Cactus Giant      Summ           0%         N/A       100%        6


Dungeon Overview and Level Annotations

Branches:
Dungeon (4/15)
 Temple: D:4-7

Altars:
Ru
Xom

Shops:
D:1 (


Message History

The hound is almost dead.
The hound bites you but does no damage. The hound misses you.
You hit the hound but do no damage.
The hound is almost dead.
The hound misses you.
You hit the hound.
You kill the hound!
Your Fighting skill increases to level 5!
Your Fire Magic skill increases to level 1!
You miscast Scorch.
You are very lightly contaminated with residual magic.
Nothing appears to happen.
Flames lash the ogre.
The ogre is moderately wounded.
The ogre's fire resistance burns away.
The ogre hits you with a +0 giant spiked club!
You miscast Scorch.
Nothing appears to happen.
You miscast Scorch.
Nothing appears to happen.
The ogre closely misses you.
You miscast Scorch.
Nothing appears to happen.
The ogre misses you.
Okay, then.
Okay, then.
Press: ? - help, v - describe, . - travel
Here: an ogre, wielding a +0 giant spiked club (moderately wounded, more vulnerable to fire, haloed)
The floor.
Okay, then.
It was a potion of heal wounds.
You feel much better.
The ogre is no longer more vulnerable to fire.
You hit the ogre.
The ogre is moderately wounded.
The ogre misses you.
You hit the ogre.
The ogre is severely wounded.
The ogre hits you with a +0 giant spiked club!!
You completely miss the ogre.
The ogre is severely wounded.
You hit the ogre.
The ogre is severely wounded.
The ogre hits you with a +0 giant spiked club!!
Ouch! That really hurt!
You die...

####.............
#>....<.......#
#.##.###....#.#
#.# #.#.##
#...#.#.# .
......#.# ...
#.....#####....
...##............
.. #....@†......
.. #.....O.....#
#...........#
#...........#
#............
#.........)..
#............
#............


You could see an ogre.

Vanquished Creatures
  A hound (D:4)
  Crazy Yiuf (D:3)
  A gnoll (D:1)
  6 adders
  A worm (D:2)
  2 dart slugs
  6 orcs (D:3)
  3 endoplasms
  6 goblins
  A hobgoblin (D:3)
  2 jackals (D:1)
  A quokka (D:1)
  9 ball pythons
  7 bats
  10 frilled lizards
  3 kobolds
  7 rats
67 creatures vanquished.

Notes
Turn   | Place    | Note
-------+----------+-------------------------------------------
     0 | D:1      | Hajna the Hill Orc Monk began the quest for the Orb.
     0 | D:1      | Reached XP level 1. HP: 19/19 MP: 1/1
    17 | D:1      | Noticed a minotaur skeleton
    39 | D:1      | Found Uchill's Antique Weapon Shop.
    99 | D:1      | Reached XP level 2. HP: 25/27 MP: 2/2
   466 | D:1      | Reached XP level 3. HP: 24/33 MP: 3/3
  1147 | D:2      | Reached skill level 5 in Axes
  1147 | D:2      | Reached XP level 4. HP: 30/41 MP: 4/4
  1439 | D:2      | Learned a level 2 spell: Scorch
  2065 | D:3      | Reached XP level 5. HP: 47/47 MP: 5/5
  2380 | D:3      | Found a sacrificial altar of Ru.
  3010 | D:3      | Found a runed translucent door.
  3011 | D:3      | Noticed Crazy Yiuf
  3024 | D:3      | Killed Crazy Yiuf
  3489 | D:3      | Found a shimmering altar of Xom.
  3527 | D:4      | Noticed an ogre
  3533 | D:4      | Reached skill level 5 in Fighting
  3533 | D:4      | Reached skill level 1 in Fire Magic
  3542 | D:4      | Slain by an ogre

Illustrated notes

Levels and vault maps discovered:
D:1:      shiori_arrival_whats_in_store_for_you, layout_basic, serial_curves,
          eino_curves_04, eino_curves_03, serial_shops, shop
D:2:      layout_basic, minmay_lizard_pond
D:3:      layout_basic, mainiacjoe_overflow_concentric_impassable,
          lemuel_coloured_pillars_altar, uniq_crazy_yiuf_cottage
D:4:      layout_basic, minmay_temple_entry_statues_fountains

Skill      XL: |  1  2  3  4  5 |
---------------+----------------+-----
Fighting       | 4 5 |  5.0
Axes           | 5 |  5.8
Dodging        | 3 |  3.1
Fire Magic     | 1 |  1.2
Stealth        | |  0.3
Spellcasting   | |  0.9

Action                     |  1- 3 |  4- 6 || total
---------------------------+-------+-------++-------
  Melee: Hand axe          |    95 |    78 ||   173
   Cast: Scorch            |       |    23 ||    23
    Use: Scroll            |     1 |     1 ||     2
         Potion            |       |     2 ||     2
 Armour: Robe              |     9 |    10 ||    19
  Dodge: Dodged            |    72 |    45 ||   117

Table legend: (Time is in decaauts)
 A = Elapsed time spent in this place.
 B = Non-inter-level travel time spent in this place.
 C = Inter-level travel time spent in this place.
 D = Time resting spent in this place.
 E = Time spent auto-exploring this place.
 F = Levels seen in this place.
 G = Mean time per level.
                   A        B        C        D        E       F      G
               +--------+--------+--------+--------+--------+-----+--------+
         Total |   3549 |   3497 |     52 |      0 |   3083 |   4 |  887.2 |
       Dungeon |   3549 |   3497 |     52 |      0 |   3083 |   4 |  887.2 |
               +--------+--------+--------+--------+--------+-----+--------+

Top non-repeatable levels by time:
     D:3: 1703 daAuts
     D:2: 1179 daAuts
     D:1: 641 daAuts
     D:4: 25 daAuts
